Map: Pylon LE

Players

IlIlIlIlIlII

  • Race: Terran Terran
  • League: Diamond
  • Spawn Location: 5:00

JuiceBadger - Winner!

  • Race: Protoss Protoss
  • League: Platinum
  • Spawn Location: 11:00

VOD

Have the link to the VOD?

Description

Time

  • Played on: July 25, 2025, 7:32 p.m.
  • Length: 15:37
Show
View Real Time Build Order
Export as new Build Order

IlIlIlIlIlII Terran 

Build Orders: 1/1/1 

Get SALT Encoding   

  12  0:00  SCV  
  13  0:12  SCV  
  14  0:17  Supply Depot  
  14  0:26  Refinery  
  14  0:27  SCV  
  15  0:40  Barracks  
  15  0:45  SCV  
  16  0:58  SCV  
  17  1:11  SCV  
  18  1:23  SCV  
  19  1:27  Marine  
  19  1:30  Factory  
  20  1:35  SCV  
  21  1:45  Marine  
  22  1:50  Orbital Command  
  22  2:07  Marine  
  22  2:08  Command Center  
  23  2:23  Starport  
  23  2:32  Factory Tech Lab  
  23  2:33  Barracks Reactor  
  23  2:36  Supply Depot  
  23  2:43  Bunker  
  23  2:47  Supply Depot  
  23  2:51  Refinery  
  23  2:57  SCV  
  24  3:10  Banshee  
  24  3:11  Marine  
  24  3:12  Marine  
  29  3:20  Orbital Command  
  29  3:24  SCV  
  30  3:30  Marine  
  30  3:31  Marine  
  32  3:36  SCV  
  32  3:40  Supply Depot  
  33  3:48  SCV  
  33  3:51  SCV  
  35  4:01  SCV  
  36  4:03  SCV  
  36  4:04  Engineering Bay  
  37  4:10  Siege Tank  
  37  4:13  SCV  
  37  4:14  Starport Tech Lab  
  37  4:15  Marine, SCV  
  37  4:17  Marine  
  44  4:25  SCV  
  44  4:27  SCV  
  46  4:34  Raven  
  46  4:37  Marine x2  
  49  4:42  Siege Tank  
  52  4:55  Marine  
  52  4:59  Supply Depot  
  53  5:07  Supply Depot  
  53  5:10  Raven, Marine  
  53  5:13  Marine  
  57  5:18  Supply Depot  
  57  5:19  Supply Depot  
  57  5:26  Siege Tank  
  57  5:28  Marine, SCV  
  61  5:29  SCV  
  61  5:31  Marine  
  64  5:40  SCV  
  64  5:41  SCV  
  64  5:42  Missile Turret  
  66  5:46  Marine  
  66  5:47  Supply Depot  
  66  5:49  Marine  
  68  5:58  Siege Tank  
  68  6:04  Marine  
  71  6:07  Marine  
  70  6:35  Medivac x2  
  74  6:41  Supply Depot, SCV x2  
  74  6:46  Command Center  
  76  6:47  Stimpack, Barracks x2  
  76  6:48  Barracks  
  76  6:52  Barracks  
  76  6:53  SCV  
  77  6:54  Supply Depot, SCV  
  77  6:59  Refinery  
  77  7:00  Refinery  
  78  7:02  Supply Depot  
  78  7:03  Supply Depot  
  78  7:05  SCV  
  79  7:12  Supply Depot  
  79  7:17  Medivac  
  79  7:21  Medivac  
  79  7:22  Marine  
  84  7:30  SCV  
  84  7:33  SCV  
  84  7:36  Terran Infantry Weapons Level 1  
  86  7:38  Marine x3  
  86  7:39  Marine  
  86  7:40  Marine  
  86  7:42  Supply Depot, SCV  
  92  7:57  Marine  
  94  8:00  Factory, SCV x2  
  94  8:04  Barracks Tech Lab  
  96  8:05  Barracks Reactor  
  96  8:07  Barracks Reactor  
  96  8:12  Orbital Command, SCV x2  
  97  8:13  Factory Reactor  
  97  8:15  Marine  
  97  8:19  Medivac  
  100  8:23  Marine x2  
  100  8:24  SCV x2  
  104  8:33  Marine  
  105  8:35  Combat Shield  
  105  8:39  Viking  
  105  8:41  Marine  
  108  8:44  Orbital Command  
  108  8:48  Factory Tech Lab  
  108  8:50  Marine x3  
  108  8:51  Marauder  
  108  8:54  SCV  
  108  8:55  SCV  
  115  8:56  Hellion  
  115  8:57  Hellion  
  121  9:03  Marauder x2  
  121  9:07  SCV x2  
  125  9:12  Marauder  
  105  9:37  Marine x2  
  105  9:38  Marine x3  
  95  9:39  Marauder x2, Hellion x2  
  95  9:40  Hellion, Medivac  
  95  9:41  Medivac  
  95  9:42  Infernal Pre-Igniter  
  109  9:47  SCV  
  109  9:48  Armory  
  109  9:52  SCV  
  111  9:56  Marauder  
  111  9:58  Terran Infantry Armor Level 1  
  111  9:59  SCV  
  114  10:04  SCV  
  115  10:10  Viking  
  115  10:11  SCV  
  118  10:14  Refinery  
  118  10:15  Refinery  
  118  10:16  SCV  
  118  10:21  Marauder x3  
  125  10:23  SCV  
  125  10:27  Hellion x2  
  125  10:28  SCV  
  130  10:36  Supply Depot  
  130  10:37  Hellion  
  130  10:38  Viking  
  134  10:44  Fusion Core  
  134  10:46  Marauder x2, Marine  
  134  10:47  Marauder, Marine x2  
  143  10:55  SCV x2  
  145  10:57  Supply Depot  
  145  10:59  Supply Depot  
  145  11:05  Marine x4  
  145  11:07  Hellion, Marine  
  145  11:08  Hellion x2  
  132  11:29  Hellion  
  132  11:31  Marine x4  
  132  11:32  Widow Mine x2  
  128  11:35  Viking  
  128  11:36  Viking  
  125  11:43  Marine  
  125  11:44  Marauder x2  
  125  11:48  Marine  
  125  11:49  Marine x2  
  125  11:50  Hellion  
  125  11:52  Marine  
  125  11:53  Hellion  
  125  12:01  Marine  
  125  12:04  Marine  
  125  12:05  Marauder, Viking  
  125  12:06  Viking  
  125  12:08  Marine x3  
  134  12:10  Marine  
  134  12:13  Supply Depot  
  134  12:14  Hellion x2  
  134  12:15  Hellion  
  143  12:20  Marauder  
  145  12:23  Marauder  
  145  12:26  Supply Depot, Marine x2  
  145  12:29  Marine x2  
  153  12:30  Marauder  
  153  12:35  Viking, Hellion  
  153  12:36  Hellion x2  
  161  12:41  Marauder  
  161  12:43  Marine  
  161  12:44  Marauder, Marine  
  164  12:47  Marine x2  
  136  13:12  Marine x5  
  108  13:13  Marauder x2  
  108  13:16  Hellion x3  
  108  13:17  Medivac x2  
  113  13:26  Caduceus Reactor  
  108  13:29  Marine  
  108  13:30  Marine  
  108  13:31  Marauder  
  112  13:34  Marauder x2  
  112  13:37  Hellion x2  
  120  13:41  Marine  
  120  13:42  Marine  
  120  13:45  Hellion  
  120  13:47  Marine  
  125  13:52  Marauder  
  125  13:56  Marauder  
  120  14:04  Hellion x2, Viking x2  
  120  14:07  Marauder, Marine x3  
  120  14:08  Marine  
  120  14:09  Orbital Command  
  129  14:13  Marauder  
  125  14:29  Marine x4  
  125  14:31  Hellion x2  
  133  14:34  Viking  
  133  14:37  Hellion  
  137  14:45  Marine x3  
  140  14:47  Marine  
  141  14:54  Hellion  
  141  14:58  Marine x3  
  146  15:02  Marine  
Show
View Real Time Build Order
Export as new Build Order

JuiceBadger Protoss - Winner!

Build Orders: 1 Gate Expand, Blink Stalkers, Carriers 

Get SALT Encoding   

  12  0:01  Probe  
  13  0:13  Probe  
  14  0:19  Pylon  
  14  0:25  Probe  
  15  0:35  Probe  
  15  0:41  Gateway  
  16  0:43  Probe  
  16  0:48  Assimilator  
  17  0:51  Probe  
  18  1:03  Probe  
  19  1:15  Probe  
  20  1:31  Cybernetics Core  
  20  1:39  Nexus  
  20  1:47  Pylon  
  20  1:49  Probe  
  20  1:51  Assimilator  
  21  1:56  Stalker  
  21  2:01  Probe  
  24  2:13  Probe  
  25  2:24  Sentry  
  25  2:25  Probe  
  28  2:37  Probe, Twilight Council  
  29  2:44  Stalker  
  29  2:50  Probe  
  32  2:57  Blink  
  32  2:58  Probe  
  33  3:02  Probe  
  33  3:04  Gateway  
  34  3:10  Probe  
  34  3:12  Gateway  
  35  3:14  Probe  
  36  3:22  Probe  
  36  3:26  Probe  
  38  3:34  Probe  
  38  3:36  Warp Gate  
  38  3:39  Probe  
  40  3:45  Pylon  
  40  3:46  Probe, Shield Battery  
  40  3:47  Stalker  
  41  3:51  Probe  
  41  3:52  Stalker  
  46  4:03  Probe x2  
  48  4:15  Probe x2, Robotics Facility  
  50  4:17  Pylon  
  50  4:18  Stalker  
  50  4:20  Stalker  
  53  4:28  Probe  
  53  4:42  Stalker  
  53  4:43  Probe  
  53  4:44  Probe  
  51  4:58  Probe  
  52  5:01  Assimilator  
  52  5:02  Assimilator  
  52  5:04  Probe  
  53  5:10  Probe  
  54  5:15  Observer  
  54  5:16  Probe  
  56  5:23  Probe  
  56  5:28  Probe  
  58  5:31  Nexus  
  58  5:32  Pylon  
  58  5:35  Probe  
  58  5:40  Probe  
  58  5:42  Robotics Bay  
  60  5:43  Probe  
  60  5:45  Forge  
  61  5:52  Probe, Stalker  
  61  5:53  Probe  
  61  5:54  Zealot  
  65  6:04  Probe  
  65  6:07  Charge  
  65  6:12  Probe  
  65  6:13  Observer, Protoss Ground Weapons Level 1  
  65  6:16  Probe  
  68  6:24  Probe  
  69  6:27  Pylon  
  69  6:28  Probe  
  69  6:31  Pylon  
  69  6:32  Pylon  
  70  6:34  Assimilator  
  70  6:38  Immortal  
  70  6:41  Pylon  
  70  6:43  Pylon, Probe x2, Sentry x2  
  80  6:50  Zealot  
  82  6:55  Probe x2  
  82  6:57  Probe  
  85  7:02  Pylon  
  85  7:07  Probe x2  
  87  7:11  Colossus  
  87  7:17  Probe  
  87  7:19  Probe x2  
  96  7:23  Shield Battery  
  96  7:25  Shield Battery  
  96  7:27  Shield Battery  
  96  7:29  Extended Thermal Lance, Probe  
  97  7:31  Probe x2  
  97  7:35  Gateway  
  99  7:37  Gateway  
  99  7:40  Gateway  
  99  7:41  Probe  
  99  7:42  Gateway  
  100  7:45  Probe  
  100  7:46  Probe  
  102  7:53  Probe  
  102  7:56  Gateway  
  102  7:57  Probe  
  102  7:58  Gateway, Probe  
  105  8:02  Assimilator  
  105  8:04  Photon Cannon  
  105  8:05  Colossus  
  105  8:06  Probe  
  105  8:10  Probe  
  105  8:11  Pylon  
  107  8:17  Probe, Photon Cannon  
  114  8:22  Protoss Ground Weapons Level 2  
  114  8:28  Forge  
  114  8:32  Probe, Templar Archives  
  115  8:41  Zealot x5  
  125  8:49  Stalker x2  
  129  8:56  Probe  
  129  8:59  Robotics Facility  
  129  9:01  Probe  
  129  9:02  Zealot x2  
  133  9:03  Pylon  
  133  9:06  Pylon  
  135  9:19  Colossus  
  137  9:31  Pylon  
  125  9:35  Psionic Storm  
  125  9:36  Pylon  
  125  9:38  Zealot x4  
  119  9:39  Zealot x5  
  119  9:42  Protoss Ground Armor Level 1  
  135  9:56  Nexus  
  135  9:59  Pylon  
  137  10:07  Pylon x3  
  135  10:15  Immortal x2  
  135  10:18  Zealot  
  145  10:23  Zealot x2  
  149  10:31  Pylon  
  149  10:32  Pylon  
  149  10:43  Pylon, Zealot x2  
  149  10:44  Zealot x4  
  161  10:52  Immortal  
  161  10:53  Immortal  
  161  11:03  Dark Shrine  
  169  11:09  Probe  
  170  11:12  Stargate  
  170  11:17  Photon Cannon  
  170  11:20  Photon Cannon  
  118  11:58  Assimilator x2  
  118  12:00  Probe  
  119  12:01  Shield Battery  
  119  12:02  Protoss Ground Weapons Level 3, Shield Battery, Protoss Ground Armor Level 2  
  119  12:09  Fleet Beacon  
  119  12:13  Stargate  
  119  12:15  Stargate  
  119  12:20  Immortal x2  
  119  12:22  Shield Battery, High Templar x4  
  133  12:23  High Templar  
  133  12:24  High Templar x3  
  133  12:26  Archon  
  133  12:27  Archon  
  133  12:28  Archon  
  133  12:29  Archon  
  143  12:34  Photon Cannon  
  143  12:38  Photon Cannon  
  143  12:39  Photon Cannon  
  143  12:40  Photon Cannon  
  143  12:44  Photon Cannon  
  141  13:03  Zealot x4  
  141  13:04  Zealot x2  
  141  13:05  Zealot x3  
  135  13:08  Nexus  
  135  13:11  Pylon x2  
  133  13:12  Pylon  
  133  13:13  Pylon  
  133  13:15  Carrier x3  
  151  13:38  Zealot x5  
  151  13:39  Zealot x3  
  167  13:53  Shadow Stride  
  129  14:19  Carrier x2  
  129  14:22  Zealot x5  
  129  14:23  Zealot x4  
  141  14:28  Carrier  
  147  14:38  Observer  
  148  14:45  Photon Cannon  
  148  14:47  Photon Cannon  
  148  14:50  Photon Cannon  
  148  14:53  Photon Cannon  
  148  14:55  Photon Cannon  
  148  14:57  Assimilator  
  148  15:02  Assimilator  
  148  15:13  Zealot x9  
Tags
 
Add a new tag
Caveats
  • Supply blocks, unpowered buildings, or Contaminate may cause inaccurate times.
  • Supply counts are checked every 10 seconds.